AoeStats
← Salivan

Arabia

510512620Analyzed
1v1 RM · 2d ago on Oct 1, 2026· 37m 3s· 2 players
Game mode
Random Map
Map size
Tiny (2 player)
Population
200
Speed
Normal
Resources
Standard
Victory
Conquest
Starting age
Dark Age
Ending age
Imperial Age
RankedLock teamsTeams togetherTeam positionsShared explorationLock speedFull tech treeHidden civsTurbo modeCheats
Victory
Defeat
🇬🇷 Franks · Greece
1084
+15
🇷🇺 Malians · Russia
1054
-15
Salivan
7:50 Loom
10:55 Feudal Age
11:00 Man-at-Arms
11:44 Double-Bit Axe
13:21 Arson
13:24 Horse Collar
21:25 Castle Age
20:36 Bloodlines
22:58 Wheelbarrow
23:25 Bow Saw
23:17 Heavy Plow
23:26 Husbandry
26:24 Pikeman
27:47 Forging
27:43 Scale Barding Armor
27:57 Stone Mining
31:15 Fletching
35:52 Hand Cart
Painos
9:17 Loom
11:18 Feudal Age
12:33 Double-Bit Axe
23:22 Castle Age
22:36 Gold Mining
23:29 Forging
24:01 Scale Barding Armor
24:33 Bow Saw
24:38 Husbandry
27:05 Gold Shaft Mining
27:43 Stone Mining
29:22 Chain Barding Armor
31:41 Iron Casting
31:44 Wheelbarrow
33:26 Hand Cart
34:41 Town Watch
Connection lost

Rejoining the realm…

Still unreachable

The connection could not be restored.

Session expired

The server has moved on; the page needs a fresh start.